 Dungeon Crawl Stone Soup version 0.14-a0-3545-g7d9ef9c (webtiles) character file.

18033 Toka the Protected (level 12, -33/76 HPs)
             Began as a Gargoyle Fighter on Mar 26, 2014.
             Was a High Priest of Okawaru.
             Annihilated by an enormous slime creature (60 damage)
             ... on Level 13 of the Dungeon on Mar 28, 2014.
             The game lasted 02:30:11 (16004 turns).

Toka the Protected (Gargoyle Fighter)              Turns: 16004, Time: 02:30:11

HP -33/76        AC 32     Str 29      XL: 12   Next: 47%
MP  11/12        EV 11     Int 12      God: Okawaru [*****.]
Gold 663         SH 27     Dex 12      Spells:  0 memorised, 11 levels left

rFire  . . .     SeeInvis +     O - +3,+2 flail (crush)
rCold  + . .     Clarity  .     J - +7 plate armour of Wrong Decisions {rC+ MR++}
rNeg   + . .     Conserve .     c - +0 shield
rPois  +         rCorr    .     (no helmet)
rElec  +         rRot     +     (no cloak)
SustAb . .       Spirit   .     y - +0 pair of gloves {Dex+3}
rMut   .         Warding  .     (no boots)
Saprov . . .     Stasis   .     A - amulet of faith
MR     ++...                    C - ring of see invisible
                                Q - ring of the Trout {EV+4 Str+4 Int+3}

@: very resistant to hostile enchantments, extremely unstealthy
A: life protection 1, electricity resistance, unbreathing, petrification
resistance, AC +8
a: Heroism, Finesse, Renounce Religion


You were on level 13 of the Dungeon.
You worshipped Okawaru.
Okawaru was extremely pleased with you.
You were not hungry.

You visited 2 branches of the dungeon, and saw 14 of its levels.

You collected 663 gold pieces.

Inventory:

Hand weapons
 O - a +3,+2 flail of crushing (weapon)
Armour
 c - a +0 shield (worn)
 y - a +0 pair of gloves of dexterity (worn)
 J - the +7 plate armour of Wrong Decisions (worn) {rC+ MR++}
   (You found it on level 11 of the Dungeon)

   It protects you from cold.
   It affects your resistance to hostile enchantments.
 S - the +5 plate armour of Asumn {Int+2 Stlth+}
   (Okawaru gifted it to you on level 13 of the Dungeon)

   It affects your intelligence (+2).
   It makes you much more stealthy.
Magical devices
 a - a wand of magic darts (11)
 m - a wand of flame (17)
 o - a wand of fireball (6)
 B - a wand of frost (15)
 H - a wand of disintegration (10)
 T - a wand of polymorph (11)
Comestibles
 g - a rambutan
 I - a choko
 N - 2 bread rations
 P - 6 meat rations
 W - 5 lemons
 Y - 5 oranges
 Z - 6 apricots
Scrolls
 f - 3 scrolls of enchant weapon II
 i - 6 scrolls of remove curse
 j - 5 scrolls of enchant weapon I
 k - 5 scrolls of teleportation
 l - a scroll of amnesia
 p - 2 scrolls of blinking
 v - 5 scrolls of fog
 E - 2 scrolls of magic mapping
 F - 3 scrolls of recharging
 G - 2 scrolls of fear
Jewellery
 x - a +2 ring of evasion
 A - an amulet of faith (around neck)
 C - a ring of see invisible (right hand)
 Q - the ring of the Trout (left hand) {EV+4 Str+4 Int+3}
   (You found it on level 11 of the Dungeon)

   [ring of evasion]

   It affects your evasion (+4).
   It affects your strength (+4).
   It affects your intelligence (+3).
Potions
 e - 2 potions of might
 h - 8 potions of curing
 n - a potion of haste
 q - a potion of restore abilities {unknown}
 r - a potion of flight
 s - a potion of magic
 t - a potion of paralysis
 u - a potion of confusion {unknown}
 z - a potion of berserk rage {unknown}
 D - 2 potions of resistance {unknown}
 K - 2 potions of agility {unknown}
 L - 4 potions of brilliance {unknown}
 M - a potion of porridge
 R - a potion of heal wounds
 U - 2 potions of blood
 V - a potion of mutation {unknown}
Books
 b - a book of Alchemy

   Spells                             Type                      Level
   Lethal Infusion                    Charms/Necromancy            2
   Sublimation of Blood               Necromancy                   2
   Condensation Shield                Ice                          4
   Petrify                            Transmutation/Earth          4
   Ignite Poison                      Fire/Transmutation           5
 d - a book of War Chants

   Spells                             Type                      Level
   Fire Brand                         Charms/Fire                  2
   Freezing Aura                      Charms/Ice                   2
   Shroud of Golubria                 Charms/Translocation         2
   Repel Missiles                     Charms/Air                   2
   Poison Weapon                      Charms/Poison                3
   Regeneration                       Charms/Necromancy            3
Rods
 w - a +0 rod of shadows (14/14)
   (You found it on level 6 of the Dungeon)


   Skills:
 + Level 9.2 Fighting
 * Level 11.9 Maces & Flails
 * Level 12.0 Armour
 * Level 11.9 Shields


You had 11 spell levels left.
You didn't know any spells.

Dungeon Overview and Level Annotations

Branches:
Dungeon (13/15)            Temple (1/1) D:7             Orc (0/4) D:9
   Lair (0/8) D:8
 Vaults: D:13-14

Altars:
Ashenzari
Cheibriados
Dithmenos
Elyvilon
Fedhas
Kikubaaqudgha
Makhleb
Nemelex Xobeh
Okawaru
Sif Muna
Trog
Vehumet
Xom
Yredelemnul
Zin
The Shining One

Shops:
D:7 (   D:9 }


Innate Abilities, Weirdness & Mutations

You are resistant to torment.
You are immune to poison.
You are immune to rotting.
Your stone body is very resilient (AC +8).
You resist negative energy.
You are resistant to electric shocks.
You can survive without breathing.
You are immune to petrification.


Message History

You block the ice beast's attack.
You bludgeon the ice beast!!
You kill the ice beast!
Okawaru accepts your kill.
You completely miss the enormous slime creature.
The enormous slime creature is lightly wounded.
You block the enormous slime creature's attack.
You sock the enormous slime creature!
The enormous slime creature is lightly wounded.
You hit the enormous slime creature.
The enormous slime creature is lightly wounded.
You block the enormous slime creature's attack.
You completely miss the enormous slime creature.
The enormous slime creature is lightly wounded.
The enormous slime creature hits you.
You sock the enormous slime creature!
The enormous slime creature is lightly wounded.
The enormous slime creature hits you!
Ouch! That really hurt!
You die...

#....... #........
#......... #.........$
#........... #...........
#...........
##############...........
......$.@JcJ..(..(.......
.#############....(......
#........... #...........
#........... #...........
#........... #...........
#...........


You could see an enormous slime creature, a slime creature and a centaur
warrior.

Vanquished Creatures
  A hydra (D:13)
  An unseen horror (D:10)
  2 hill giants (D:10)
  A manticore (D:11)
  A gargoyle (D:11)
  2 kobold demonologists
  4 trolls
  6 slime creatures (D:13)
  A tengu conjurer (D:12)
  2 two-headed ogres
  A freezing wraith (D:12)
  A vampire (D:13)
  2 ravens (D:12)
  A basilisk (D:8)
  A griffon zombie (D:12)
  A water elemental (D:13)
  A wyvern (D:13)
  A wraith (D:12)
  A shark (D:13)
  3 yaks (D:10)
  5 ugly things (D:11)
  2 hippogriffs
  3 hungry ghosts (D:12)
  Menkaure (D:5)
  A soldier ant (D:12)
  3 porcupines (D:8)
  4 water moccasins
  A mottled dragon (D:7)
  A necrophage (D:5)
  2 ice beasts
  11 orc warriors
  A black bear (D:10)
  4 ogres
  A sky beast (D:6)
  4 phantoms
  5 centaurs
  A giant goldfish (D:13)
  A crocodile (D:8)
  4 giant frogs
  A giant slug (D:8)
  A komodo dragon zombie (D:8)
  Blork the orc (D:4)
  A big kobold (D:12)
  2 wyvern skeletons
  5 scorpions
  A hippogriff zombie (D:13)
  4 wights (D:11)
  2 eyes of draining
  A giant frog zombie (D:5)
  12 killer bees
  8 crimson imps
  2 giant frog skeletons
  2 goliath beetles
  A two-headed ogre zombie (D:6)
  2 hounds
  2 jellies (D:11)
  A big fish (D:13)
  2 centaur skeletons
  9 orc priests
  An elf skeleton (D:12)
  13 orc wizards
  A basilisk skeleton (D:8)
  6 iguanas
  11 worker ants
  10 sheep (D:8)
  Ijyb (D:3)
  Jessica (D:3)
  A mottled dragon skeleton (D:11)
  A hound zombie (D:6)
  A hound skeleton (D:4)
  4 gnolls (D:6)
  11 adders
  4 shadow imps
  2 green rats (D:8)
  4 giant mites
  4 worms
  An orc zombie (D:9)
  An adder skeleton (D:4)
  4 giant eyeballs
  5 giant geckos
  53 orcs
  2 ball pythons
  A bat skeleton (D:7)
  A bat zombie (D:7)
  9 giant cockroaches
  10 hobgoblins
  2 jackals (D:8)
  2 quokkas
  12 bats
  9 giant newts
  11 goblins
  A jackal skeleton (D:6)
  11 kobolds
  A kobold skeleton (D:4)
  19 rats
  A rat skeleton (D:6)
  A rat zombie (D:6)
  A ballistomycete (D:8)
  A butterfly (D:6)
  A plant (D:8)
385 creatures vanquished.

Vanquished Creatures (others)
  A giant spore (D:8)
  2 plants (D:8)
  5 toadstools (D:1)
8 creatures vanquished.

Grand Total: 393 creatures vanquished

Notes
Turn   | Place    | Note
--------------------------------------------------------------
     0 | D:1      | Toka, the Gargoyle Fighter, began the quest for the Orb.
     0 | D:1      | Reached XP level 1. HP: 14/14 MP: 1/1
   222 | D:1      | Reached XP level 2. HP: 14/19 MP: 2/2
   642 | D:1      | Reached XP level 3. HP: 18/23 MP: 3/3
  1018 | D:2      | Reached skill level 4 in Armour
  1178 | D:2      | Reached XP level 4. HP: 26/29 MP: 4/4
  1659 | D:3      | Reached XP level 5. HP: 33/33 MP: 5/5
  1929 | D:3      | Found a shimmering altar of Xom.
  2165 | D:3      | Noticed Jessica
  2171 | D:3      | Killed Jessica
  2793 | D:4      | Reached XP level 6. HP: 39/39 MP: 6/6
  2849 | D:4      | Noticed Blork the orc
  2850 | D:4      | Noticed Ijyb
  3223 | D:3      | Killed Ijyb
  3624 | D:4      | Killed Blork the orc
  3624 | D:4      | Reached skill level 5 in Armour
  3624 | D:4      | Reached skill level 5 in Shields
  3970 | D:4      | Reached XP level 7. HP: 31/44 MP: 7/7
  4075 | D:4      | Noticed a phantom
  4094 | D:4      | Killed a phantom
  4351 | D:5      | Entered Level 5 of the Dungeon
  4407 | D:5      | Reached skill level 5 in Maces & Flails
  4440 | D:5      | Reached skill level 5 in Fighting
  4698 | D:5      | Reached skill level 6 in Armour
  4698 | D:5      | Reached XP level 8. HP: 17/49 MP: 8/8
  4942 | D:5      | Noticed Menkaure
  4950 | D:5      | Killed Menkaure
  5242 | D:5      | Paralysed by a giant eyeball for 4 turns
  5251 | D:5      | Paralysed by a giant eyeball for 3 turns
  5591 | D:6      | Found a sparkling altar of Nemelex Xobeh.
  5674 | D:6      | Identified a +0 rod of shadows (14/14) (You found it on level 6 of the Dungeon)
  5702 | D:6      | Reached skill level 7 in Armour
  6058 | D:6      | Found a white marble altar of Elyvilon.
  6117 | D:6      | Reached XP level 9. HP: 55/55 MP: 9/9
  6163 | D:6      | Paralysed by a giant eyeball for 2 turns
  6166 | D:6      | Paralysed by a giant eyeball for 2 turns
  6346 | D:6      | Found a deep blue altar of Sif Muna.
  6351 | D:6      | Found a bloodstained altar of Trog.
  6628 | D:7      | Noticed an iron devil
  6991 | D:7      | Found a staircase to the Ecumenical Temple.
  7002 | Temple   | Entered the Ecumenical Temple
  7036 | Temple   | Became a worshipper of Warmaster Okawaru
  7093 | D:7      | Noticed an angel
  7143 | D:7      | Reached skill level 8 in Armour
  7305 | D:7      | Acquired Okawaru's first power
  7406 | D:7      | Found Focuwa Fuox's Weapon Emporium.
  7414 | D:7      | Upgraded the game from 0.14-a0-3509-g488b3d4 to 0.14-a0-3520-g290746a
  8219 | D:8      | Reached XP level 10. HP: 61/61 MP: 10/10
  8281 | D:8      | Found a staircase to the Lair.
  8299 | D:8      | Reached skill level 9 in Armour
  8351 | D:8      | Paralysed by a giant eyeball for 4 turns
  8357 | D:8      | Paralysed by a giant eyeball for 3 turns
  8405 | D:8      | Paralysed by a giant eyeball for 3 turns
  9555 | D:9      | Found Shecze's Gadget Shoppe.
  9869 | D:9      | Found a basalt altar of Yredelemnul.
 10373 | D:8      | Found a glowing golden altar of the Shining One.
 10373 | D:8      | Found a snail-covered altar of Cheibriados.
 10869 | D:9      | Found a staircase to the Orcish Mines.
 10920 | D:10     | Entered Level 10 of the Dungeon
 10920 | D:10     | Noticed an unseen horror
 11275 | D:10     | Killed an unseen horror
 11275 | D:10     | Reached skill level 10 in Maces & Flails
 11275 | D:10     | Reached skill level 10 in Armour
 11275 | D:10     | Reached XP level 11. HP: 66/68 MP: 11/11
 11311 | D:10     | Noticed a hill giant
 11567 | D:10     | Killed a hill giant
 11567 | D:10     | Reached skill level 10 in Shields
 11806 | D:10     | Noticed a hill giant
 11816 | D:10     | Killed a hill giant
 11918 | D:10     | Found a basalt altar of Yredelemnul.
 12049 | D:10     | Acquired Okawaru's second power
 12159 | D:10     | Upgraded the game from 0.14-a0-3520-g290746a to 0.14-a0-3545-g7d9ef9c
 12818 | D:11     | Got a crude plate armour
 12838 | D:11     | Identified the +7 plate armour of Wrong Decisions {rC+ MR++} (You found it on level 11 of the Dungeon)
 12908 | D:10     | Received a gift from Okawaru
 13926 | D:11     | Reached skill level 11 in Maces & Flails
 14046 | D:11     | Got a smoking turquoise ring
 14906 | D:12     | Reached XP level 12. HP: 75/75 MP: 12/12
 15478 | D:13     | Received a gift from Okawaru
 15495 | D:13     | Got a pitted plate armour {god gift}
 15517 | D:13     | Identified the +5 plate armour of Asumn {Int+2 Stlth+} (Okawaru gifted it to you on level 13 of the Dungeon)
 15905 | D:13     | Reached skill level 12 in Armour
 15935 | D:13     | Noticed a four-headed hydra
 15948 | D:13     | Killed a four-headed hydra
 16004 | D:13     | Annihilated by an enormous slime creature

Action                   |  1- 3 |  4- 6 |  7- 9 | 10-12 || total
-------------------------+-------+-------+-------+-------++-------
Melee: Flail             |   137 |   202 |   356 |   775 ||  1470
Evoke: Wand              |       |     1 |     4 |     4 ||     9
       Rod               |       |       |     2 |     3 ||     5
  Use: Scroll            |       |    10 |     5 |     8 ||    23
       Potion            |       |     4 |     1 |     3 ||     8
